 Dungeon Crawl Stone Soup version 0.26-a0-466-g989023bd0d (webtiles) character file.

Game seed: 2981991943977701904

420 1player the Cudgeler (level 7, -2/55 HPs)
             Began as a Formicid Abyssal Knight on Aug 5, 2020.
             Was a Believer of Lugonu.
             Killed by nerve-wracking pain
             ... invoked by an orc priest
              (5 damage)
             ... on level 6 of the Dungeon.
             The game lasted 00:13:59 (4455 turns).

1player the Cudgeler (Formicid Abyssal Knight)      Turns: 4455, Time: 00:14:00

Health: -2/55      AC:  8    Str: 18    XL:     7   Next: 16%
Magic:  10/10      EV: 12    Int: 12    God:    Lugonu [**....]
Gold:   23         SH:  0    Dex: 10    Spells: 6/6 levels left

rFire    . . .     SeeInvis +   A - +2 dagger (speed)
rCold    . . .     Faith    .   (no shield)
rNeg     + . .     Spirit   .   d - +2 leather armour {rN+}
rPois    .         Reflect  .   (helmet unavailable)
rElec    .         Harm     .   h - +1 cloak
rCorr    .                      q - +0 pair of gloves
MR       .....                  (no boots)
Stlth    +.........             (no amulet)
HPRegen  0.18/turn              (no ring)
MPRegen  0.12/turn              (no ring)

@: no status effects
A: permanent stasis, dig shafts and tunnels, four strong arms, antennae 3
a: Dig, Shaft Self, Depart the Abyss, Bend Space, Renounce Religion


You were on level 6 of the Dungeon.
You worshipped Lugonu.
Lugonu was pleased with you.
You visited 1 branch of the dungeon, and saw 5 of its levels.
You visited the Abyss 1 time.

You collected 135 gold pieces.
You spent 112 gold pieces at shops.

Inventory:

Hand Weapons
 a - a +1 mace
 A - a +2 dagger of speed (weapon)
Armour
 d - a +2 leather armour of positive energy (worn)
 h - a +1 cloak (worn)
 q - a +0 pair of gloves (worn)
Jewellery
 r - an uncursed ring of poison resistance {unknown}
Wands
 C - a wand of enslavement (4)
Scrolls
 g - a scroll of immolation
 l - 3 scrolls of amnesia
 m - 2 scrolls of remove curse {@r2}
 t - a scroll of random uselessness {unknown}
 u - a scroll of teleportation {unknown}
 v - a scroll of magic mapping {unknown}
 w - a scroll of torment {unknown}
 y - a scroll of vulnerability {unknown}
 z - a scroll of fog {unknown}
Potions
 i - a potion of lignification {unknown}
 j - a potion of haste {unknown}
 k - 2 potions of resistance {unknown}
 n - a potion of stabbing
 o - a potion of heal wounds {unknown}
 p - a potion of curing {unknown}
 s - a potion of invisibility {unknown}
 x - a potion of flight {unknown}


   Skills:
 + Level 4.8 Fighting
 - Level 5.2 Maces & Flails
 - Level 2.1 Armour
 + Level 1.9 Dodging
 * Level 4.0 Invocations


You had 6 spell levels left.
You didn't know any spells.
Your spell library was empty.

Dungeon Overview and Level Annotations

Branches:
Dungeon (4/15)             Temple (0/1) D:4

Altars:
Dithmenos
Elyvilon
Kikubaaqudgha
Zin

Shops:
D:4 *

Annotations:
D:4 Menkaure


Innate Abilities, Weirdness & Mutations

You cannot be hasted, slowed, berserked, paralysed or teleported.
You can dig through walls and to a lower floor.
Your four strong arms can wield two-handed weapons with a shield.
You have a pair of large antennae on your head. (SInv)


Message History

The orc shouts!
The orc hits you but does no damage.
The orc priest invokes the aid of Beogh against you.
Beogh smites you!
* * * LOW HITPOINT WARNING * * *
The orc hits you but does no damage.
You hear a shout!
A gnoll comes into view. It is wielding a +0 spear.
The gnoll shouts!
The orc closely misses you. The orc barely misses you.
The orc barely misses you.
The orc priest miscasts a cantrip.
Found a dented fluorescent amulet.
An adder comes into view.
The adder hisses angrily.
The adder moves out of view.
The orc hits you but does no damage.
The orc priest invokes the aid of Beogh against you.
Pain shoots through your body!
You die...

...#######......
................
................
....."......S...
................
................
#............
+...@o.# #....o.#
#....o.#
######......#
##..#........###+#.
#...#...............
#...#..W.....g......
#...#.....<.........
#...#...............


You could see a phantom, an orc priest, a gnoll, an adder and 2 orcs.

Vanquished Creatures
  A hound (D:4)
  2 orc priests
  A gnoll shaman (D:4)
  2 orc wizards (D:4)
  Jessica (D:2)
  3 worker ants (D:4)
  A worker ant zombie (D:4)
  5 gnolls (D:4)
  2 adders (D:3)
  A dart slug (D:1)
  A worm (D:3)
  A leopard gecko (D:2)
  2 orcs (D:4)
  8 bats
  4 giant cockroaches
  9 hobgoblins
  9 jackals
  A quokka (D:2)
  A ball python (D:2)
  8 frilled lizards
  2 goblins
  5 kobolds
  7 rats
77 creatures vanquished.

Notes
Turn   | Place    | Note
-------+----------+-------------------------------------------
     0 | Abyss:1  | 1player the Formicid Abyssal Knight began the quest for the
                  | Orb.
     0 | Abyss:1  | Reached XP level 1. HP: 18/18 MP: 2/2
    52 | Abyss:1  | Noticed a quicksilver dragon skeleton
    53 | D:1      | Escaped the Abyss
   162 | D:1      | Reached * piety under Lugonu
   164 | D:1      | Reached XP level 2. HP: 14/24 MP: 3/3
   620 | D:1      | Reached XP level 3. HP: 30/30 MP: 4/4
   666 | D:1      | Reached skill level 3 in Maces & Flails
  1287 | D:2      | Noticed Jessica
  1292 | D:2      | Killed Jessica
  1292 | D:2      | Reached XP level 4. HP: 31/37 MP: 5/5
  1662 | D:2      | Reached ** piety under Lugonu
  1676 | D:2      | Found a glowing silver altar of Zin.
  1678 | D:2      | Found a white marble altar of Elyvilon.
  1678 | D:2      | Found an ancient bone altar of Kikubaaqudgha.
  2167 | D:3      | Reached skill level 4 in Maces & Flails
  2220 | D:3      | Reached XP level 5. HP: 39/42 MP: 6/6
  3156 | D:4      | Found a staircase to the Ecumenical Temple.
  3311 | D:4      | Found Vuhesch's Assorted Antiques.
  3315 | D:4      | Bought a scroll labeled EQAN KEUJESCH for 23 gold pieces
  3315 | D:4      | Bought a scroll labeled DULIRPHACOT for 23 gold pieces
  3315 | D:4      | Bought a fuming dark potion for 20 gold pieces
  3315 | D:4      | Bought a scroll labeled LYN FOPPOA for 23 gold pieces
  3315 | D:4      | Bought a scroll labeled BEUCKI NOOR for 23 gold pieces
  3354 | D:4      | Reached skill level 5 in Maces & Flails
  3428 | D:4      | Reached XP level 6. HP: 48/48 MP: 7/7
  3471 | D:4      | Reached skill level 1 in Dodging
  3740 | D:4      | Found a shadowy altar of Dithmenos.
  4114 | D:4      | Reached XP level 7. HP: 50/55 MP: 9/9
  4270 | D:4      | Noticed Menkaure
  4278 | D:4      | You fall into a shaft and drop 2 floors!
  4446 | D:6      | HP: 2/55 [orc priest/divine providence (9)]
  4455 | D:6      | Killed from afar by an orc priest

Illustrated notes

Levels and vault maps discovered:
D:1:      nagdon_arrival_zigzag_paths, layout_basic
D:2:      layout_loops_ring, grunt_temple_overflow_diamond,
          chequers_mini_garden, uniq_jessica
D:3:      layout_loops_corners, minmay_misc_feat_tower
D:4:      layout_loops_ring, nicolae_dithmenos_shadow_blocks,
          minmay_temple_entry_proselytizer, serial_shops, shop_statue,
          chequers_serial_rivers_room_a, uniq_menkaure
D:6:      layout_gridville, nicolae_overflow_hidden_temple,
          kennysheep_windowed_goal

Skill      XL: |  1  2  3  4  5  6  7 |
---------------+----------------------+-----
Maces & Flails | 3 4 5 |  5.2
Fighting       | 4 |  4.8
Dodging        | 1 |  1.9
Invocations    | 3 4 |  4.0
Armour         | |  2.1

Action                   |  1- 3 |  4- 6 |  7- 9 || total
-------------------------+-------+-------+-------++-------
Melee: Mace              |   104 |    98 |       ||   202
       Dagger            |       |   114 |    54 ||   168
Throw: Throwing net      |       |       |     2 ||     2
Invok: Depart the Abyss  |     1 |       |       ||     1
       Bend Space        |       |       |     1 ||     1
 Abil: Dig               |       |       |     1 ||     1
       Shaft Self        |       |       |     1 ||     1
Evoke: Wand              |       |       |     5 ||     5
  Use: Scroll            |     1 |     6 |       ||     7
       Potion            |       |       |     1 ||     1
Armor: Leather armour    |    27 |    65 |    14 ||   106
Dodge: Dodged            |    87 |    91 |    18 ||   196

Table legend: (Time is in decaauts)
 A = Elapsed time spent in this place.
 B = Non-inter-level travel time spent in this place.
 C = Inter-level travel time spent in this place.
 D = Time resting spent in this place.
 E = Time spent auto-exploring this place.
 F = Levels seen in this place.
 G = Mean time per level.
                   A        B        C        D        E       F      G
               +--------+--------+--------+--------+--------+-----+--------+
         Total |   4448 |   4286 |    162 |   1282 |   1672 |   6 |  741.3 |
       Dungeon |   4395 |   4233 |    162 |   1282 |   1672 |   5 |  879.0 |
         Abyss |     53 |     53 |      0 |      0 |      0 |   1 |   53.0 |
               +--------+--------+--------+--------+--------+-----+--------+

Top non-repeatable levels by time:
     D:3: 1457 daAuts
     D:2: 1138 daAuts
     D:1: 914 daAuts
     D:4: 715 daAuts
     D:6: 170 daAuts
 Abyss:1: 53 daAuts
